 Dungeon Crawl Stone Soup version 0.21-a0-265-gb353147 (console) character file.

30 removed the Conjurer (level 2, -4/20 HPs)
             Began as a Demigod Venom Mage on Sept 10, 2017.
             Slain by an adder (5 damage)
             ... on level 2 of the Dungeon.
             The game lasted 00:02:07 (1025 turns).

removed the Conjurer (Demigod Venom Mage)           Turns: 1025, Time: 00:02:08

Health: -4/20      AC:  2    Str: 11    XL:     2   Next: 87%
Magic:  1/7        EV: 18    Int: 19    God:
Gold:   44         SH:  0    Dex: 21    Spells: 3/4 levels left

rFire    . . .     SeeInvis .   o - +0 mace
rCold    . . .     Gourm    .   (no shield)
rNeg     . . .     Faith    .   a - +0 robe
rPois    .         Spirit   .   (no helmet)
rElec    .         Reflect  .   (no cloak)
rCorr    .         Harm     .   (no gloves)
MR       .....                  (no boots)
Stlth    +++.......             (no amulet)
HPRegen  0.06/turn              (no ring)
MPRegen  0.10/turn              (no ring)

@: agile, lethally poisoned (-4 -> -6), flying, hasted, very quick
A: high mp 1
a: no special abilities


You were on level 2 of the Dungeon.
You were not hungry.

You visited 1 branch of the dungeon, and saw 2 of its levels.

You collected 44 gold pieces.

Inventory:

Hand Weapons
 l - a +0 hand axe
 o - a +0 mace (weapon)
Armour
 a - a +0 robe (worn)
Scrolls
 i - a scroll of remove curse {unknown}
 j - a scroll of identify {unknown}
 k - a scroll of teleportation {unknown}
Potions
 g - a potion of haste
Books
 b - a Young Poisoner's Handbook

   Spells                             Type                      Level
   a - Sting                          Conjuration/Poison           1
   b - Poisonous Vapours              Poison/Air                   2
   c - Mephitic Cloud                 Conjuration/Poison/Air       3
   d - Olgreb's Toxic Radiance        Poison                       4
   e - Venom Bolt                     Conjuration/Poison           5
Comestibles
 c - 3 bread rations
 f - a meat ration


   Skills:
 - Level 1.7 Dodging
 - Level 1.7 Stealth
 - Level 1.7 Spellcasting
 + Level 2.7 Conjurations
 - Level 2.6 Poison Magic


You had 3 spell levels left.
You knew the following spells:

 Your Spells              Type           Power        Failure   Level  Hunger
a - Sting                 Conj/Pois      ##..         5%          1    #......


Dungeon Overview and Level Annotations

Branches:
Dungeon (2/15)


Innate Abilities, Weirdness & Mutations

You have an increased reservoir of magic. (+10% MP)


Message History

* * * LOW HITPOINT WARNING * * *
You hit the adder.
The adder is almost dead.
The adder completely misses you. x2
A worm comes into view.
It was a potion of haste.
You feel yourself speed up. The adder closely misses you.
The worm moves out of view.
Your magical contamination has completely faded away.
It was a potion of flight.
You feel very buoyant.
You fly up into the air.
The adder bites you.
* * * LOW HITPOINT WARNING * * *
It was a potion of agility.
You feel agile all of a sudden.
* * * LOW HITPOINT WARNING * * *
You feel sick. The adder misses you.
You barely miss the adder.
The adder is almost dead.
The adder misses you. The adder barely misses you. The adder bites you.
You die...

#.#h######.#
#...... ...
...h.. ..#
...###.## #.
#.##...####..
###.#
#.h..gh......
....#
#.##.hh####
#...+
+.####S#
....# #g# #@#
#..# #.# #S#
#.###+###.#
#.#
###...g.....#
...
....#.#######
... ..###.#
#...# #.# #.#
#...# ..# #.#
#.... ... ...


You could see 2 adders, 3 jackals and a goblin.

Vanquished Creatures
  An adder (D:2)
  A dart slug (D:1)
  A leopard gecko (D:1)
  2 giant cockroaches (D:1)
  2 goblins (D:1)
  2 hobgoblins (D:1)
  5 bats (D:1)
  A frilled lizard (D:2)
  2 kobolds (D:1)
  A rat (D:1)
18 creatures vanquished.

Notes
Turn   | Place    | Note
-------+----------+-------------------------------------------
     0 | D:1      | removed the Demigod Venom Mage began the quest for the Orb.
     0 | D:1      | Reached XP level 1. HP: 14/14 MP: 5/5
    18 | D:1      | Reached skill level 1 in Conjurations
   387 | D:1      | Reached XP level 2. HP: 20/20 MP: 4/7
   631 | D:1      | You fall through a shaft!
   974 | D:1      | You fall through a shaft!
  1024 | D:2      | HP: 1/20 [poisoned by an adder]
  1025 | D:2      | Slain by an adder

Vault maps used:
D:1:      matt_arrival_spirals
D:2:      lemuel_doored_altar, st_stairs_10, nrook_uturn

Skill      XL: |  1 |
---------------+----+-----
Conjurations   | 2 |  2.7
Dodging        | |  1.7
Stealth        | |  1.7
Spellcasting   | |  1.7
Poison Magic   | |  2.6

Action                   || total
-------------------------++-------
Melee: Mace              ||     9
 Cast: Sting             ||    50
  Use: Potion            ||     3
  Eat: Chunk             ||     1
Armor: Robe              ||    12
Dodge: Dodged            ||    33

Table legend:
 A = Spawn XP
 B = Non-spawn XP
 C = Spawn XP percentage of total XP
 D = Spawn monster count
 E = Non-spawn monster count
 F = Spawn count percentage of total count
 G = Total turns spent on level
                    A         B        C        D         E        F      G
               +---------+---------+-------+---------+---------+-------+---------
         Total |       0 |      44 |   0.0 |       0 |      18 |   0.0 |  1025
               +---------+---------+-------+---------+---------+-------+---------
           D:1 |       0 |      30 |   0.0 |       0 |      16 |   0.0 |   937
           D:2 |       0 |      14 |   0.0 |       0 |       2 |   0.0 |    88
               +---------+---------+-------+---------+---------+-------+---------
